 Dungeon Crawl Stone Soup version 0.28-a0-1524-ge72afd5fc6 (webtiles) character file.

Game seed: 11763337999527533592

105 hashsling the Grave Robber (level 4, -8/24 HPs)
             Began as a Deep Elf Necromancer on Jan 17, 2022.
             Mangled by an ogre (32 damage)
             ... on level 4 of the Dungeon.
             The game lasted 00:06:25 (3586 turns).

hashsling the Grave Robber (Deep Elf Necromancer)   Turns: 3586, Time: 00:06:28

Health: -8/24      AC:  3    Str:  5    XL:     4   Next: 53%
Magic:  7/13       EV: 12    Int: 22    God:
Gold:   105        SH:  0    Dex: 15    Spells: 8/13 levels left

rFire   . . .      SeeInvis .   k - +0 short sword
rCold   . . .      Faith    +   (no shield)
rNeg    . . .      Spirit   .   a - +1 robe
rPois   .          Reflect  .   (no helmet)
rElec   .          Harm     .   (no cloak)
rCorr   .          Rampage  .   (no gloves)
Will    .....                   (no boots)
Stlth   ++........              d - amulet of faith
HPRegen 0.08/turn               (no ring)
MPRegen 0.13/turn               (no ring)

@: no status effects
A: no striking features
a: no special abilities


You were on level 4 of the Dungeon.
You visited 1 branch of the dungeon, and saw 4 of its levels.

You collected 105 gold pieces.

Inventory:

Hand Weapons
 c - a +0 club
 k - a +0 short sword (weapon)
Missiles
 e - 104 arrows
 h - 4 curare-tipped darts
Armour
 a - a +1 robe (worn)
Jewellery
 d - an amulet of faith (around neck)
Scrolls
 b - a scroll of fog {unknown}
 f - a scroll of amnesia {unknown}
 g - a scroll of acquirement {unknown}
 i - a scroll of teleportation {unknown}
 j - 2 scrolls of enchant armour
Potions
 l - a potion of heal wounds {unknown}


   Skills:
 + Level 0.6 Short Blades
 - Level 2.4 Dodging
 - Level 2.4 Stealth
 * Level 5.4 Spellcasting
 * Level 5.7 Necromancy


You had 8 spell levels left.
You knew the following spells:

 Your Spells              Type           Power      Damage    Failure   Level
a - Pain                  Necr           100%       1d9       1%          1
b - Animate Skeleton      Necr           62%        N/A       1%          1
c - Vampiric Draining     Necr           31%        2d8       2%          3

Your spell library contained the following spells:

 Spells                   Type           Power      Damage    Failure   Level
 Animate Dead             Necr           15%        N/A       9%          4
 Agony                    Necr           31%        N/A       26%         5


Dungeon Overview and Level Annotations

Branches:
Dungeon (4/15)
 Temple: D:4-7

Altars:


Message History

The hound writhes in agony!
The hound writhes in agony!
You kill the hound!
You see here a +0 dagger.
A bat comes into view.
The bat writhes in agony.
You kill the bat!
e - 104 arrows (gained 21) Done exploring.
Done exploring.
(D) Dungeon
Where to? (Enter - D:3 @ (x,y), ? - help)
What level of the Dungeon? (default 1, ? - help)
You see here a +0 club.
There is an escape hatch in the ceiling here.
There is a stone staircase leading down here.
You climb downwards.
Found a stone staircase leading up.
There is a stone staircase leading up here.
As you read the scroll labelled COCUUX YVICKI, it crumbles to dust.
It is a scroll of enchant armour.
Your +0 robe glows green for a moment.
Found a hunting sling and a ring mail.
You see here a +0 hunting sling.
Found a scale mail.
You now have 105 gold pieces (gained 4).
An ogre comes into view. It is wielding a +0 giant club.
You can't see any susceptible monsters within range! (Use Z to cast anyway.)
The ogre writhes in agony.
The ogre writhes in agony.
The ogre writhes in agony.
Casting: Pain (safe; 1% risk of failure)
Confirm with . or Enter, or press ? or * to list all spells.
Aiming: Vampiric Draining (dangerous; 2% risk of failure)
Press: ? - help, Shift-Dir - straight line, f/p - ogre
Aim: an ogre, wielding a +0 giant club (heavily wounded)
You draw life force from the ogre!
You feel life coursing into your body.
The ogre hits you with a +0 giant club!!
Ouch! That really hurt!
You die...

#### .....
......########
......O@.....#
......######.#
..... #.# ....
#.# ### #.#
#.#
#######.### .#
#.........#
..#
..#######.##


You could see an ogre.

Vanquished Creatures
  A hound (D:3)
  2 adders
  A worm (D:3)
  3 dart slugs (D:1)
  4 ball pythons
  6 endoplasms
  2 giant cockroaches (D:2)
  6 goblins
  5 hobgoblins
  4 kobolds
  3 quokkas
  4 bats
  A frilled lizard (D:1)
  2 rats
44 creatures vanquished.

Notes
Turn   | Place    | Note
-------+----------+-------------------------------------------
     0 | D:1      | hashsling the Deep Elf Necromancer began the quest for the
                  | Orb.
     0 | D:1      | Reached XP level 1. HP: 10/10 MP: 6/6
     2 | D:1      | Learned a level 1 spell: Animate Skeleton
   268 | D:1      | Reached skill level 5 in Necromancy
   349 | D:1      | Reached XP level 2. HP: 14/15 MP: 6/8
  1258 | D:1      | Reached XP level 3. HP: 11/19 MP: 6/10
  1262 | D:1      | Learned a level 3 spell: Vampiric Draining
  1786 | D:2      | Found a faded altar of an unknown god.
  2627 | D:3      | Reached skill level 5 in Spellcasting
  2813 | D:3      | Reached XP level 4. HP: 21/24 MP: 10/13
  3581 | D:4      | Noticed an ogre
  3586 | D:4      | Mangled by an ogre

Illustrated notes

Levels and vault maps discovered:
D:1:      ebering_trefoil_twist, layout_basic
D:2:      layout_basic, ebering_ecumenical_altar_box, minmay_misc_feat_rows
D:3:      layout_loops_ring, minivault_23
D:4:      layout_loops_cross, uniq_robin

Skill      XL: |  1  2  3 |
---------------+----------+-----
Necromancy     | 5 |  5.7
Spellcasting   | 4 5 |  5.4
Short Blades   | |  0.6
Dodging        | |  2.4
Stealth        | |  2.4

Action                   |  1- 3 |  4- 6 || total
-------------------------+-------+-------++-------
Melee: Club              |    11 |       ||    11
 Cast: Pain              |    67 |    15 ||    82
       Vampiric Draining |       |     1 ||     1
  Use: Scroll            |       |     1 ||     1
Armor: Robe              |     4 |       ||     4
Dodge: Dodged            |    12 |       ||    12

Table legend: (Time is in decaauts)
 A = Elapsed time spent in this place.
 B = Non-inter-level travel time spent in this place.
 C = Inter-level travel time spent in this place.
 D = Time resting spent in this place.
 E = Time spent auto-exploring this place.
 F = Levels seen in this place.
 G = Mean time per level.
                   A        B        C        D        E       F      G
               +--------+--------+--------+--------+--------+-----+--------+
         Total |   3587 |   3467 |    120 |      0 |   3236 |   4 |  896.8 |
       Dungeon |   3587 |   3467 |    120 |      0 |   3236 |   4 |  896.8 |
               +--------+--------+--------+--------+--------+-----+--------+

Top non-repeatable levels by time:
     D:1: 1650 daAuts
     D:2: 965 daAuts
     D:3: 890 daAuts
     D:4: 80 daAuts
